[ AOE2 MATCH · #505074565 ]
UnrankedPersians vs Incas
Player's team · LOSS
Rival team · WIN
[ REPLAY ANALYSIS · EXTRACTED FROM THE RECORDED GAME ]
Feudal
—
Castle
—
Imperial
—
| APM avg | 76.9 |
| APM peak | 114 |
| eAPM avg | 18.2 |
| Villagers / military | 6 / 0 |
Focus
⚔️ 6.7% · 🌾 93.3%
Feudal
—
Castle
—
Imperial
—
| APM avg | 62.9 |
| APM peak | 79 |
| eAPM avg | 21.6 |
| Villagers / military | 14 / 0 |
Focus
⚔️ 32.7% · 🌾 67.3%
Match map
Initial resources + every placement click. Lines = walls · curves = elevation contours. ◆ gold · ⬟ stone · ● berries · ✦ relic · ◌ wall gap
Your base
UrielMazatzi's base
Smoothed initial terrain · ◌ = detected wall gap · hover for details
Inputs per minute
— wiper - - UrielMazatzi
Build order — wiper
9 actions detected in the replay
| 0:02 | Build | House |
| 0:03 | Build | House |
| 0:04 | Queue | Villager (Male) |
| 0:04 | Research | Loom |
| 0:26 | Queue | Villager (Male) |
| 0:27 | Queue | Villager (Male) |
| 0:27 | Queue | Villager (Male) |
| 0:52 | Queue | Villager (Male) |
| 2:32 | Queue | Villager (Male) |
Build order — UrielMazatzi
17 actions detected in the replay
| 0:01 | Queue | Villager (Male) |
| 0:01 | Queue | Villager (Male) |
| 0:02 | Build | House |
| 0:03 | Build | House |
| 0:10 | Queue | Villager (Male) |
| 0:10 | Queue | Villager (Male) |
| 0:24 | Research | Loom |
| 0:27 | Queue | Villager (Male) |
| 0:28 | Queue | Villager (Male) |
| 0:33 | Queue | Villager (Male) |
| 0:33 | Queue | Villager (Male) |
| 2:08 | Queue | Villager (Male) |
| 2:08 | Queue | Villager (Male) |
| 3:21 | Queue | Villager (Male) |
| 3:22 | Queue | Villager (Male) |
| 3:25 | Queue | Villager (Male) |
| 4:01 | Queue | Villager (Male) |
Match timeline
[ AI ANALYSIS · 1 CREDIT ]
What really happened in this match?
Wolo.gg analyzes every decision: build order, eco, micro, common mistakes by bracket. Personalized analysis on WhatsApp or Discord in 30 seconds.
Civ guide
Persians
Perfil
Jugador #245540